 Dungeon Crawl Stone Soup version 0.27-a0-1324-ge0d8e047f6 (webtiles) character file.

Game seed: 8918371825441535250

11851 Delamore the Spear-Bearer (level 12, -2/97 HPs)
             Began as a Formicid Fighter on June 23, 2021.
             Was an Initiate of Gozag.
             Slain by a large slime creature (27 damage)
             ... on level 13 of the Dungeon.
             The game lasted 00:13:32 (13822 turns).

Delamore the Spear-Bearer (Formicid Fighter)       Turns: 13822, Time: 00:13:32

Health: -2/97      AC: 19    Str: 35    XL:     12   Next: 12%
Magic:  0/12       EV:  7    Int:  9    God:    Gozag
Gold:   522        SH: 13    Dex: 10    Spells: 11/11 levels left

rFire    . . .     SeeInvis +   a - +1 trident (vorpal)
rCold    + . .     Faith    .   c - +1 kite shield
rNeg     . . .     Spirit   +   N - +1 plate armour {Will+}
rPois    .         Reflect  .   (helmet unavailable)
rElec    .         Harm     .   e - +0 cloak
rCorr    +         Rampage  .   g - +0 pair of gloves
Will     ++...                  l - +2 pair of boots
Stlth    ..........             p - amulet of guardian spirit
HPRegen  0.26/turn              k - ring of protection from cold
MPRegen  0.13/turn              L - ring "Xiahoum" {Drain rCorr Str+10}

@: spiked
A: permanent stasis, dig shafts and tunnels, antennae 3, four strong arms
a: Dig, Shaft Self, Renounce Religion, Potion Petition, Call Merchant, Bribe
Branch


You were on level 13 of the Dungeon.
You worshipped Gozag.
Gozag was pleased with you.
You visited 2 branches of the dungeon, and saw 13 of its levels.
You also visited: Ossuary.

You collected 2109 gold pieces.
You spent 176 gold pieces at shops.
You paid 1411 gold pieces to Gozag.

Inventory:

Hand Weapons
 a - a +1 vorpal trident (weapon)
Missiles
 h - 16 poisoned darts (quivered)
 D - 4 curare-tipped darts
 F - 4 boomerangs
 I - a throwing net
 J - 14 boomerangs of dispersal
Armour
 c - a +1 kite shield (worn)
 e - a +0 cloak (worn)
 g - a +0 pair of gloves (worn)
 l - a +2 pair of boots (worn)
 o - a +1 chain mail of fire resistance
 G - a scarf of repulsion
 N - a +1 plate armour of willpower (worn)
Jewellery
 k - a ring of protection from cold (left hand)
 p - an amulet of guardian spirit (around neck)
 r - a ring of resist corrosion
 v - a +6 ring of intelligence
 C - a ring of protection from fire
 H - a ring of protection from cold
 L - the ring "Xiahoum" (right hand) {Drain rCorr Str+10}
   (You took it off a kobold brigand on level 9 of the Dungeon)

   [ring of resist corrosion]

   It affects your strength (+10).
   It protects you from acid and corrosion.
   It drains your maximum health when unequipped.
Wands
 y - a wand of flame (19)
Scrolls
 f - 4 scrolls of enchant weapon
 n - a scroll of immolation
 u - 4 scrolls of holy word
 x - a scroll of identify
 z - 3 scrolls of enchant armour
 B - a scroll of magic mapping
 E - 2 scrolls of amnesia
Potions
 b - 5 potions of degeneration
 d - a potion of might
 i - 4 potions of curing
 j - 2 potions of lignification
 m - a potion of berserk rage
 s - 2 potions of resistance {unknown}
 t - a potion of attraction
 w - 3 potions of cancellation
 A - 2 potions of haste
 K - 2 potions of brilliance {unknown}


   Skills:
 - Level 10.0 Fighting
 - Level 14.0 Polearms
 + Level 5.9 Armour
 - Level 7.0 Shields
 + Level 4.6 Evocations


You had 11 spell levels left.
You didn't know any spells.
Your spell library contained the following spells:

 Spells                   Type           Power      Damage    Failure   Level
 Foxfire                  Conj/Fire      0%         2x1d4     99%         1
 Sandblast                Erth           0%         2d4       99%         1
 Passwall                 Tmut/Erth      0%         N/A       99%         2
 Confusing Touch          Hex            0%         N/A       100%        3
 Conjure Flame            Conj/Fire      0%         6-21      100%        3
 Gell's Gravitas          Tloc           0%         N/A       100%        3
 Inner Flame              Hex/Fire       0%         N/A       100%        3
 Stone Arrow              Conj/Erth      0%         3d7       100%        3
 Petrify                  Tmut/Erth      0%         N/A       100%        4
 Sticky Flame             Conj/Fire      0%         2d3       100%        4
 Summon Lightning Spire   Summ/Air       0%         N/A       100%        4
 Fireball                 Conj/Fire      0%         3d3       100%        5
 Lee's Rapid Deconstruct  Erth           0%         3d5*      100%        5
 Metabolic Englaciation   Hex/Ice        0%         N/A       100%        5
 Silence                  Hex/Air        0%         N/A       100%        5
 Yara's Violent Unravell  Hex/Tmut       0%         3d3       100%        5
 Conjure Ball Lightning   Conj/Air       0%         3x3d6     100%        6
 Storm Form               Tmut/Air       0%         N/A       100%        7


Dungeon Overview and Level Annotations

Branches:
Dungeon (11/15)            Temple (1/1) D:5         Ossuary (visited)
   Lair: D:8-11         Orc: D:9-12

Altars:
Ashenzari
Cheibriados
Dithmenos
Elyvilon
Fedhas
Gozag
Hepliaklqana
Kikubaaqudgha
Makhleb
Nemelex Xobeh
Okawaru
Qazlal
Ru
Sif Muna
Trog
Uskayaw
Vehumet
Wu Jian
Xom
Yredelemnul
Zin

Shops:
D:4 :   D:7 =   D:8 *   D:9 :(


Innate Abilities, Weirdness & Mutations

You cannot be hasted, slowed, berserked, paralysed or teleported.
You can dig through walls and to a lower floor.
You have a pair of large antennae on your head. (SInv)
Your four strong arms can wield two-handed weapons with a shield.


Message History

The bolt of electricity hits you!
* * * LOW HITPOINT WARNING * * *
Two slime creatures merge to form a large slime creature.
The centaur warrior shoots an arrow.
The arrow hits you!
* * * LOW HITPOINT WARNING * * *
You block the slime creature's attack.
Okay, then.
It was a potion of heal wounds.
You feel much better.
The centaur warrior shoots an arrow.
The arrow hits you!
* * * LOW HITPOINT WARNING * * *
The electric eel shoots out a bolt of lightning at you!
The bolt of electricity hits you.
* * * LOW HITPOINT WARNING * * *
Two slime creatures merge to form a large slime creature.
You feel better.
The electric eel shoots out a bolt of lightning at you!
The bolt of electricity hits you.
* * * LOW HITPOINT WARNING * * *
The centaur warrior shoots an arrow.
The arrow completely misses you.
The arrow hits the plant!!
The plant begins to die.
The barbs in your skin will harm you if you move.
Continue?
The barbed spikes dig painfully into your body as you move.
* * * LOW HITPOINT WARNING * * *
A slime creature comes into view.
The slime creature quivers.
The centaur warrior shoots an arrow.
You block the arrow.
A large slime creature splits.
The electric eel shoots out a bolt of lightning at you!
The bolt of electricity hits you but does no damage.
The manticore flicks its tail.
The volley of spikes hits you!
The barbed spikes become lodged in your body.
* * * LOW HITPOINT WARNING * * *
You feel much better. The slime creature hits you.
* * * LOW HITPOINT WARNING * * *
The centaur warrior unwields a +0 shortbow.
You block the centaur warrior's attack. The centaur warrior closely misses you.
The large slime creature hits you!!
You die...
Your body crumbles into a pile of gold.

## ## #. #.
.###### ....
#.##...#...
....##.<#.#....≈.
..J....@c...≈≈≈.≈
$
......JJJH≈≈≈≈≈≈≈
....≈≈.P;≈≈≈≈≈≈≈≈
≈≈≈≈≈≈≈≈≈≈≈≈≈≈≈≈≈
≈≈≈≈≈≈≈≈≈≈≈≈≈;≈≈≈
≈≈≈≈≈≈≈≈≈≈≈≈≈≈≈≈≈
≈≈≈≈.≈....≈≈P.≈≈.
≈≈..........≈....
....##.......###


You could see a large slime creature, 3 slime creatures, a centaur warrior, a
manticore and 2 electric eels.

Vanquished Creatures
  A centaur warrior (D:10)
  2 two-headed ogres
  A gargoyle (D:11)
  A hornet (D:11)
  Sigmund (D:2)
  A wraith (D:10)
  21 yaks
  A wyvern (D:9)
  A steam dragon (D:6)
  Grum (D:10)
  3 vampire mosquitoes (D:10)
  A water moccasin (D:8)
  An acid dragon (D:8)
  A hornet zombie (D:7)
  2 orc warriors
  An ice beast (D:5)
  5 sky beasts
  A necrophage (D:6)
  A black bear (D:5)
  4 wolves (D:10)
  3 ogres
  6 centaurs
  3 kobold brigands
  A bullfrog (D:9)
  A wyvern zombie (D:8)
  2 gnoll sergeants
  2 water moccasin zombies
  2 scorpions
  11 killer bees
  2 howler monkeys (D:9)
  4 centaur zombies
  A bullfrog zombie (D:5)
  3 orc priests
  4 hounds
  2 jellies (D:5)
  A centaur skeleton (D:5)
  A bullfrog skeleton (D:7)
  3 gnoll shamans
  Terence (D:2)
  6 orc wizards
  Natasha (twice) (D:2)
  3 iguanas
  A hound zombie (D:5)
  2 hound skeletons (D:4)
  12 mummies (Ossuary)
  A howler monkey zombie (D:10)
  A howler monkey skeleton (D:6)
  23 gnolls
  6 adders
  2 ufetubi
  An adder zombie (D:5)
  2 worms
  2 dart slugs
  24 orcs
  4 ball pythons
  A bat (D:1)
  7 endoplasms
  4 giant cockroaches
  6 goblins
  5 hobgoblins
  3 jackals (D:1)
  4 quokkas
  2 frilled lizards
  2 gnoll skeletons (Ossuary)
  A goblin skeleton (Ossuary)
  20 kobolds
  4 orc skeletons (Ossuary)
  4 rats
  11 rat skeletons (Ossuary)
270 creatures vanquished.

Vanquished Creatures (others)
  An orc (D:6)
  An orc skeleton (Ossuary)
  8 plants (D:1)
10 creatures vanquished.

Grand Total: 280 creatures vanquished

Notes
Turn   | Place    | Note
-------+----------+-------------------------------------------
     0 | D:1      | Delamore the Formicid Fighter began the quest for the Orb.
     0 | D:1      | Reached XP level 1. HP: 18/18 MP: 1/1
    64 | D:1      | Reached XP level 2. HP: 7/24 MP: 2/2
   456 | D:1      | Reached XP level 3. HP: 30/30 MP: 3/3
   458 | D:1      | Reached skill level 3 in Polearms
   847 | D:2      | Reached XP level 4. HP: 30/37 MP: 4/4
   953 | D:2      | Found a faded altar of an unknown god.
  1001 | D:2      | Noticed Natasha
  1010 | D:2      | Killed Natasha
  1250 | D:2      | Noticed Terence
  1250 | D:2      | Noticed Natasha
  1271 | D:2      | Killed Terence
  1272 | D:2      | Reached skill level 4 in Polearms
  1272 | D:2      | Reached XP level 5. HP: 19/42 MP: 5/5
  1438 | D:2      | Noticed Sigmund
  1463 | D:2      | Killed Sigmund
  1464 | D:2      | Reached skill level 5 in Fighting
  1464 | D:2      | Reached skill level 5 in Polearms
  1464 | D:2      | Reached XP level 6. HP: 11/51 MP: 6/6
  2013 | D:2      | Killed Natasha
  2134 | D:3      | Noticed an ogre
  2144 | D:3      | Killed an ogre
  2145 | D:3      | Reached skill level 6 in Polearms
  2145 | D:3      | Reached XP level 7. HP: 25/56 MP: 7/7
  2705 | D:3      | Found an iron altar of Okawaru.
  2775 | D:3      | You fall into a shaft and drop 1 floor!
  3242 | D:4      | Found Baohir's Book Shop.
  3248 | D:4      | Found a radiant altar of Vehumet.
  3253 | D:4      | Reached skill level 7 in Polearms
  3622 | D:4      | Reached XP level 8. HP: 62/62 MP: 8/8
  4181 | D:5      | Entered Level 5 of the Dungeon
  4203 | D:5      | Reached skill level 8 in Polearms
  4319 | D:5      | Found a shimmering blue altar of Sif Muna.
  4342 | D:5      | Found a blossoming altar of Fedhas.
  4481 | D:5      | Found a staircase to the Ecumenical Temple.
  4511 | Temple   | Entered the Ecumenical Temple
  4618 | Temple   | Became a worshipper of Gozag Ym Sagoz the Greedy
  4799 | D:5      | Found a basalt altar of Yredelemnul.
  4832 | D:5      | Reached skill level 9 in Polearms
  5246 | D:5      | Reached skill level 10 in Polearms
  5246 | D:5      | Reached XP level 9. HP: 54/68 MP: 7/9
  5349 | D:5      | Found a shadowy altar of Dithmenos.
  5975 | D:6      | Reached skill level 11 in Polearms
  5992 | D:6      | Found a sand-covered staircase.
  6004 | Ossuary  | Entered an ossuary
  6526 | D:6      | Found an ornate altar of the Wu Jian Council.
  6901 | D:6      | Identified the +6 falchion "Zirie" {drain, rN+++ Int-2 SInv
                  | Stlth-}
  7201 | D:6      | Reached skill level 12 in Polearms
  7271 | D:7      | Found a stormy altar of Qazlal.
  7458 | D:7      | Reached XP level 10. HP: 68/74 MP: 8/10
  7607 | D:7      | Reached skill level 13 in Polearms
  8074 | D:7      | Found a hide-covered altar of Uskayaw.
  8091 | D:7      | Found a shimmering altar of Xom.
  8093 | D:7      | Found a shimmering altar of Xom.
  8094 | D:7      | Found a shimmering altar of Xom.
  8095 | D:7      | Found a shimmering altar of Xom.
  8097 | D:7      | Found a shimmering altar of Xom.
  8097 | D:7      | Found a shimmering altar of Xom.
  8577 | D:8      | Found Lehuf's Assorted Antiques.
  8625 | D:8      | Reached skill level 14 in Polearms
  9064 | D:8      | Bought a runed scarf for 176 gold pieces
  9194 | D:8      | Found an ancient bone altar of Kikubaaqudgha.
  9269 | D:8      | Reached skill level 5 in Shields
  9645 | D:8      | Reached XP level 11. HP: 81/81 MP: 11/11
  9675 | D:8      | Found a broken altar of Ashenzari.
 10143 | D:9      | Noticed a two-headed ogre
 10434 | D:8      | Killed a two-headed ogre
 10944 | D:9      | Found a snail-covered altar of Cheibriados.
 11000 | D:9      | Found Xergha Ecec's Book Shop.
 11061 | D:9      | Identified the ring "Xiahoum" {Drain rCorr Str+10}
 11663 | D:10     | Entered Level 10 of the Dungeon
 11834 | D:10     | Noticed Grum
 11870 | D:10     | Killed Grum
 12276 | D:10     | Reached skill level 10 in Fighting
 12276 | D:10     | Reached skill level 1 in Evocations
 12507 | D:10     | Noticed a centaur warrior
 12525 | D:10     | Killed a centaur warrior
 13020 | D:10     | Reached skill level 5 in Armour
 13244 | D:10     | Identified the +6 whip "Reomenys" {freeze, *Noise rF+
                  | Int+3}
 13278 | D:11     | Reached XP level 12. HP: 83/97 MP: 10/12
 13351 | D:11     | Noticed a two-headed ogre
 13697 | D:11     | Killed a two-headed ogre
 13812 | D:11     | You fall into a shaft and drop 2 floors!
 13814 | D:13     | Noticed a centaur warrior
 13818 | D:13     | HP: 1/97 [centaur warrior/arrow (11)]
 13822 | D:13     | Slain by a large slime creature

Illustrated notes

Levels and vault maps discovered:
D:1:      roderic_crop_circles_arrival_small, layout_basic
D:2:      layout_loops_ring, hellmonk_ecumenical_altar_crossroads, uniq_sigmund,
          uniq_natasha, uniq_terence
D:3:      cheibrodos_pilgrimage, layout_loops_ring, lemuel_tele_altar,
          hangedman_decor_points
D:4:      layout_layer_cave, lemuel_crystal_altar, serial_shops, shop,
          patterned_corridor
D:5:      layout_basic, old_standard_altar, kennysheep_mini,
          fedhas_bush_and_centaur_altar, yredelemnul_altar_generic,
          minmay_temple_entry_slanted, chequers_serial_rivers_small_3,
          mrwooster_statue_mirror, minmay_fractal_squares_diagonal_5
D:6:      layout_gridville, lemuel_crystal_altar, enter_ossuary_3
D:7:      layout_loops_ring, nicolae_qazlal_general_emergency, xom_shifter_show,
          lemuel_doored_altar
D:8:      layout_loops_cross, nicolae_overflow_crystal_walls,
          general_overflow_altar, nicolae_stop_n_shop_1
D:9:      layout_basic, old_standard_altar, serial_shops, nicolae_shop_stone,
          minmay_unpleasant_kobolds
D:10:     layout_roguey, uniq_grum
D:11:     layout_roguey, lair_entry_dummy, orc_0_dummy
D:13:     layout_basic, david_vaults_1, chequers_big_river,
          pdpol_wu_jian_five_deadly_venoms
Temple:   nicolae_temple_figure_zero

Skill      XL: |  1  2  3  4  5  6  7  8  9 10 11 12 |
---------------+-------------------------------------+-----
Polearms       | 3 4 5 6 7 10 12 14 | 14.0
Fighting       | 4 5 6 10 | 10.0
Shields        | 5 7 |  7.0
Evocations     | 3 4 |  4.6
Armour         | 5 |  5.9

Action                   |  1- 3 |  4- 6 |  7- 9 | 10-12 || total
-------------------------+-------+-------+-------+-------++-------
Melee: Trident           |    92 |    88 |   471 |   640 ||  1291
Throw: Dart              |       |     2 |     2 |    10 ||    14
Invok: Call Merchant     |       |       |       |     2 ||     2
 Abil: Dig               |       |     1 |     5 |    10 ||    16
  Use: Scroll            |       |     3 |    14 |       ||    17
       Potion            |       |       |       |     4 ||     4
Armor: Scale mail        |    39 |    13 |       |       ||    52
       Chain mail        |       |     7 |   178 |   111 ||   296
       Plate armour      |       |       |       |    49 ||    49
Dodge: Dodged            |    31 |    18 |    90 |    99 ||   238
Block: Kite shield       |    56 |    36 |   174 |   242 ||   508

Table legend: (Time is in decaauts)
 A = Elapsed time spent in this place.
 B = Non-inter-level travel time spent in this place.
 C = Inter-level travel time spent in this place.
 D = Time resting spent in this place.
 E = Time spent auto-exploring this place.
 F = Levels seen in this place.
 G = Mean time per level.
                   A        B        C        D        E       F      G
               +--------+--------+--------+--------+--------+-----+--------+
         Total |  13710 |  13318 |    392 |   2771 |   8372 |  14 |  979.3 |
       Dungeon |  13126 |  12752 |    374 |   2771 |   7967 |  12 | 1093.8 |
        Temple |    121 |    103 |     18 |      0 |     98 |   1 |  121.0 |
       Ossuary |    462 |    462 |      0 |      0 |    307 |   1 |  462.0 |
               +--------+--------+--------+--------+--------+-----+--------+

Top non-repeatable levels by time:
    D:10: 1730 daAuts
     D:8: 1715 daAuts
     D:5: 1621 daAuts
     D:7: 1387 daAuts
     D:2: 1291 daAuts
     D:9: 1227 daAuts
     D:3: 1096 daAuts
     D:4: 1080 daAuts
     D:6: 831 daAuts
     D:1: 785 daAuts
 Ossuary: 462 daAuts
    D:11: 347 daAuts
  Temple: 121 daAuts
    D:13: 12 daAuts
